 Dungeon Crawl Stone Soup version 0.22.1-1-ga44c0e5 (webtiles) character file.

355 Starchild the Spear-Bearer (level 6, -1/47 HPs)
             Began as a Merfolk Monk on Sept 25, 2018.
             Was a Believer of Makhleb.
             Slain by Sigmund
             ... wielding a +0 scythe
              (3 damage)
             ... on level 4 of the Dungeon.
             The game lasted 00:13:45 (3042 turns).

Starchild the Spear-Bearer (Merfolk Monk)           Turns: 3042, Time: 00:13:45

Health: -1/47      AC:  5    Str: 17    XL:     6   Next: 63%
Magic:  6/6        EV: 16    Int:  9    God:    Makhleb [**....]
Gold:   198        SH:  0    Dex: 16    Spells: 5/5 levels left

rFire    . . .     SeeInvis .   a - +0 spear
rCold    . . .     Gourm    .   (no shield)
rNeg     . . .     Faith    .   b - +0 robe
rPois    .         Spirit   .   o - +0 helmet (curse)
rElec    .         Reflect  .   j - +0 cloak
rCorr    .         Harm     .   (no gloves)
MR       .....                  g - +0 pair of boots
Stlth    +.........             w - amulet of regeneration
HPRegen  0.55/turn              m - +3 ring of strength
MPRegen  0.10/turn              (no ring)

@: confused
A: change form in water, swift swim, stealthy swim
a: Minor Destruction, Renounce Religion


You were on level 4 of the Dungeon.
You worshipped Makhleb.
Makhleb was pleased with you.
You were not hungry.

You visited 1 branch of the dungeon, and saw 5 of its levels.

You collected 198 gold pieces.

Inventory:

Hand Weapons
 a - a +0 spear (weapon)
Missiles
 d - 138 stones (quivered)
Armour
 b - a +0 robe (worn)
 g - a +0 pair of boots (worn)
 j - a +0 cloak (worn)
 o - a cursed +0 helmet (worn)
Jewellery
 m - a +3 ring of strength (left hand)
 w - an amulet of regeneration (around neck)
Scrolls
 e - 3 scrolls of identify {unknown}
 f - a scroll of magic mapping {unknown}
 h - a scroll of enchant weapon {unknown}
 k - a scroll of amnesia {unknown}
 l - a scroll of remove curse {unknown}
 n - a scroll of fear {unknown}
 q - 2 scrolls of blinking {unknown}
 s - 2 scrolls of teleportation {unknown}
 u - a scroll of immolation {unknown}
 x - a scroll of random uselessness {unknown}
 y - a scroll of enchant armour {unknown}
Potions
 i - a potion of heal wounds {unknown}
 p - a potion of invisibility {unknown}
 r - a potion of haste {unknown}
 t - a potion of ambrosia {unknown}
 v - a potion of mutation {unknown}
 z - a potion of flight {unknown}
Comestibles
 c - 8 rations
 A - 8 chunks of flesh


   Skills:
 - Level 3.2 Fighting
 + Level 8.7 Polearms
 * Level 6.5 Dodging
 - Level 2.1 Stealth


You had 5 spell levels left.
You didn't know any spells.
Your spell library was empty.

Dungeon Overview and Level Annotations

Branches:
Dungeon (5/15)
 Temple: D:4-7

Altars:
Elyvilon
Makhleb
Zin
The Shining One

Shops:
D:4 (

Annotations:
D:4 Sigmund


Message History

You hear some strange, mumbled words.
You are more confused.
You hear some strange, mumbled words.
A puff of flame appears from out of thin air!
The puff of flame hits you!
You see here 4 stones.
You bump into the rock wall.
Something hits you!
* * * LOW HITPOINT WARNING * * *
You bump into the rock wall.
You're too confused to move!
You hear some strange, mumbled words.
Something tries to affect you, but you resist.
You hear some strange, mumbled words.
A magic dart appears from out of thin air!
The magic dart hits you!
* * * LOW HITPOINT WARNING * * *
You bump into the rock wall.
Something hits you!
* * * LOW HITPOINT WARNING * * *
You bump into the rock wall.
Something hits you.
You die...

#...#####......#
...#...).....#.#
####.####.#..#.# ## #.#
#.....#.# .###.# #..#.##.#
..##.###.......# ######
...#.........### .....#
....#..#...#.#########...#.##
....+..........(@{hhh........
....#.##.....#########.......
...##.##..#..# #.##.##
..###..#.#.#.# .# .##
#.#...##.# # .# ## #........#
#.## # ####.##### ##.## # #.#
#####..## ## #.# .......##


You could see 3 jackals.

Vanquished Creatures
  2 ogres
  An orc wizard (D:4)
  Jessica (D:2)
  A worker ant (D:4)
  2 adders
  A worm (D:2)
  4 dart slugs
  4 leopard geckos
  6 orcs
  2 ball pythons
  5 giant cockroaches
  9 goblins
  5 hobgoblins
  3 jackals (D:3)
  A quokka (D:2)
  7 bats
  7 frilled lizards
  6 kobolds
  8 rats
  A fungus (D:2)
76 creatures vanquished.

Notes
Turn   | Place    | Note
-------+----------+-------------------------------------------
     0 | D:1      | Starchild the Merfolk Monk began the quest for the Orb.
     0 | D:1      | Reached XP level 1. HP: 18/18 MP: 1/1
    77 | D:1      | Reached XP level 2. HP: 9/24 MP: 2/2
   302 | D:1      | Reached skill level 5 in Polearms
   614 | D:1      | Reached XP level 3. HP: 21/29 MP: 3/3
  1057 | D:2      | Noticed Jessica
  1064 | D:2      | Reached skill level 6 in Polearms
  1064 | D:2      | Reached skill level 5 in Dodging
  1078 | D:2      | Killed Jessica
  1078 | D:2      | Reached XP level 4. HP: 17/35 MP: 4/4
  1509 | D:2      | Found a faded altar of an unknown god.
  1624 | D:3      | Found a burning altar of Makhleb.
  1626 | D:3      | Noticed Sigmund
  1914 | D:4      | Reached skill level 7 in Polearms
  1914 | D:4      | Reached XP level 5. HP: 41/41 MP: 5/5
  1946 | D:4      | Found Kinloish's Antique Weapon Boutique.
  2000 | D:4      | Noticed an ogre
  2035 | D:5      | Entered Level 5 of the Dungeon
  2035 | D:5      | Noticed a centaur
  2081 | D:4      | Killed an ogre
  2372 | D:3      | Noticed an ogre
  2393 | D:3      | Killed an ogre
  2393 | D:3      | Reached skill level 8 in Polearms
  2393 | D:3      | Reached XP level 6. HP: 23/47 MP: 6/6
  2510 | D:3      | Found a glowing golden altar of the Shining One.
  2511 | D:3      | Found a glowing silver altar of Zin.
  2516 | D:3      | Found a white marble altar of Elyvilon.
  2537 | D:3      | Became a worshipper of Makhleb the Destroyer
  2537 | D:3      | Reached * piety under Makhleb
  2537 | D:3      | Reached ** piety under Makhleb
  3041 | D:4      | HP: 1/47 [something (8)]
  3042 | D:4      | Slain by Sigmund

Skill      XL: |  1  2  3  4  5 |
---------------+----------------+-----
Polearms       | 5 6 7 8 |  8.7
Dodging        | 5 6 |  6.5
Fighting       | |  3.2
Stealth        | |  2.1

Action                   |  1- 3 |  4- 6 || total
-------------------------+-------+-------++-------
Melee: Spear             |   136 |   202 ||   338
Throw: Stone             |     9 |    22 ||    31
 Stab: Sleeping          |     3 |     4 ||     7
  Eat: Chunk             |     1 |     6 ||     7
Armor: Robe              |    14 |    20 ||    34
Dodge: Dodged            |    76 |    88 ||   164
